 Dungeon Crawl Stone Soup version 0.20-a0-1039-gf554463 (webtiles) character file.

171 graki42 the Covered (level 5, 19/47 HPs)
             Began as a Minotaur Fighter on Apr 23, 2017.
             Quit the game on level 3 of the Dungeon.
             The game lasted 00:04:17 (1749 turns).

graki42 the Covered (Minotaur Fighter)              Turns: 1749, Time: 00:04:18

Health: 19/47      AC:  7    Str: 21    XL:     5   Next: 26%
Magic:  4/4        EV:  8    Int:  6    God:
Gold:   160        SH: 10    Dex:  9    Spells: 4/4 levels left

rFire    . . .     SeeInvis .   k - -2 trident (curse)
rCold    . . .     Gourm    .   c - +1 shield
rNeg     . . .     Faith    .   b - +0 scale mail
rPois    .         Spirit   .   (helmet restricted)
rElec    .         Reflect  .   (no cloak)
rCorr    .         Harm     .   (no gloves)
MR       .....                  (no boots)
Stlth    ..........             (no amulet)
Regen    0.2/turn               (no ring)
MPRegen  0.1/turn               (no ring)

@: no status effects
A: retaliatory headbutt, horns 2
a: no special abilities


You were on level 3 of the Dungeon.
You were not hungry.

You visited 1 branch of the dungeon, and saw 3 of its levels.

You collected 160 gold pieces.

Inventory:

Hand Weapons
 a - a +1 trident
 k - a cursed -2 trident (weapon)
Armour
 b - a +0 scale mail (worn)
 c - a +1 shield (worn)
Jewellery
 i - an uncursed amulet of guardian spirit {unknown}
Scrolls
 j - a scroll of immolation {unknown}
Potions
 d - a potion of might
 e - a potion of berserk rage {unknown}
 l - a potion of haste {unknown}
 p - a potion of curing {unknown}
Comestibles
 f - 3 bread rations
 g - a meat ration
 h - a royal jelly
 n - 3 fruits
 q - 2 chunks of flesh


   Skills:
 + Level 4.6 Fighting
 + Level 4.2 Polearms
 + Level 4.8 Armour
 + Level 0.7 Dodging
 + Level 4.4 Shields


You had 4 spell levels left.
You didn't know any spells.

Dungeon Overview and Level Annotations

Branches:
Dungeon (3/15)

Altars:
Ashenzari
Wu Jian


Innate Abilities, Weirdness & Mutations

You reflexively headbutt those who attack you in melee.
You have a pair of horns on your head.


Message History

The orc is heavily wounded.
You hit the orc. You headbutt the orc.
You kill the orc!
The orc hits you but does no damage.
You puncture the orc!
You kill the orc!
You hit the orc. You headbutt the orc.
You kill the orc!
You closely miss the rat. You block the rat's attack.
You closely miss the rat. You block the rat's attack.
The rat closely misses you.
You puncture the rat!
You kill the rat!
Items here: ))))) [[[ ††††††
k - an enchanted trident You hear the slow rusting of a distant drain.
Wield which item (- for none, * to show all)? (? for menu, Esc to quit)
It sticks to your hand!
k - a cursed -2 trident (weapon)
Are you sure you want to abandon this character and quit the game? (Confirm with "yes".)

.....# ####.# ##.########
#..#......# #.......#.#
#..#.#..#.# #..#....#.#
###..###[.#.#######
....(...........@.##
.....#....#.#####..#######
..........................
........<.#.######.#######
####.#.##†#.# #.....######
...#.#..).#.# #..........#
...#........# #..........#
...#........# #..........#
...##......## ####.......#


There were no monsters in sight!

Vanquished Creatures
  An orc wizard (D:3)
  A worker ant (D:3)
  4 adders
  3 worms (D:2)
  3 dart slugs (D:1)
  3 leopard geckos
  4 orcs (D:3)
  4 bats
  A giant cockroach (D:1)
  2 goblins
  9 hobgoblins
  5 jackals
  3 quokkas
  5 frilled lizards
  11 kobolds
  5 rats
64 creatures vanquished.

Notes
Turn   | Place    | Note
-------+----------+-------------------------------------------
     0 | D:1      | graki42 the Minotaur Fighter began the quest for the Orb.
     0 | D:1      | Reached XP level 1. HP: 19/19 MP: 0/0
   125 | D:1      | Reached XP level 2. HP: 26/27 MP: 1/1
   553 | D:1      | Reached XP level 3. HP: 32/33 MP: 2/2
   799 | D:2      | Found an ornate altar of the Wu Jian Council.
  1036 | D:2      | Reached XP level 4. HP: 29/40 MP: 3/3
  1593 | D:3      | Found a shattered altar of Ashenzari.
  1725 | D:3      | Reached XP level 5. HP: 19/47 MP: 4/4
  1749 | D:3      | Quit the game

Vault maps used:
D:1:      roderic_octagonal_star
D:2:      old_standard_altar, moated_statue
D:3:      first_bread, gup_sewer_entry_glass, nicolae_ashenzari_panopticon

Skill      XL: |  1  2  3  4 |
---------------+-------------+-----
Fighting       | 4 |  4.6
Armour         | 4 |  4.8
Shields        | 4 |  4.4
Polearms       | 3 4 |  4.2
Dodging        | |  0.7

Action                   |  1- 3 |  4- 6 || total
-------------------------+-------+-------++-------
Melee: Trident           |   150 |    65 ||   215
       Headbutt          |    20 |     9 ||    29
  Use: Scroll            |       |     5 ||     5
  Eat: Chunk             |     1 |     2 ||     3
Armor: Scale mail        |    60 |    23 ||    83
Dodge: Dodged            |    43 |    12 ||    55
Block: Shield            |    62 |    24 ||    86
